 Dungeon Crawl Stone Soup version 0.21.1-1-g345015fe64 (webtiles) character file.

144 GotenAND the Chopper (level 5, -7/75 HPs)
             Began as a Troll Berserker on July 7, 2018.
             Was a Priest of Trog.
             Mangled by GotenAND's ghost (9 damage)
             ... on level 4 of the Dungeon.
             The game lasted 00:05:33 (2327 turns).

GotenAND the Chopper (Troll Berserker)              Turns: 2327, Time: 00:05:34

Health: -7/75      AC:  6    Str: 31    XL:     5   Next: 5%
Magic:  4/4        EV: 11    Int:  3    God:    Trog [***...]
Gold:   104        SH:  0    Dex:  9    Spells: 4/4 levels left

rFire    . . .     SeeInvis .   a - +1 hand axe
rCold    . . .     Gourm    +   (no shield)
rNeg     . . .     Faith    .   b - +0 animal skin
rPois    .         Spirit   .   (helmet restricted)
rElec    .         Reflect  .   r - +0 cloak
rCorr    .         Harm     .   (gloves unavailable)
MR       .....                  (boots unavailable)
Stlth    ..........             (no amulet)
HPRegen  0.62/turn              o - ring of stealth
MPRegen  0.09/turn              (no ring)

@: berserking (expiring), very quick
A: large, unfitting armour, claws 3, fast metabolism 3, gourmand, regeneration
1, shaggy fur 1, tough skin 2
a: Berserk, Trog's Hand, Burn Spellbooks, Renounce Religion


You were on level 4 of the Dungeon.
You worshipped Trog.
Trog was most pleased with you.
You were very full.

You visited 1 branch of the dungeon, and saw 4 of its levels.

You collected 104 gold pieces.

Inventory:

Hand Weapons
 a - a +1 hand axe (weapon)
 h - a +1 mace of venom
Armour
 b - a +0 animal skin (worn)
 r - a +0 cloak (worn)
Jewellery
 o - a ring of stealth (left claw)
Scrolls
 d - a scroll of enchant weapon
 e - a scroll of blinking
 f - 4 scrolls of teleportation
 g - a scroll of magic mapping {unknown}
 n - a scroll of identify
Potions
 i - a potion of heal wounds {unknown}
 j - 4 potions of agility
 k - a potion of curing {unknown}
 l - a potion of lignification {unknown}
 p - a potion of ambrosia {unknown}
 q - a potion of flight {unknown}
Comestibles
 c - 12 rations
 m - 2 chunks of flesh


   Skills:
 + Level 2.7 Fighting
 * Level 3.9 Axes
 * Level 3.4 Dodging


You had 4 spell levels left.
You didn't know any spells.

Dungeon Overview and Level Annotations

Branches:
Dungeon (4/15)
 Temple: D:4-7

Altars:

Annotations:
D:4 GotenAND's ghost, amateur MiBe


Innate Abilities, Weirdness & Mutations

You are too large for most types of armour.
You have claws for hands.
Your metabolism is lightning-fast.
You like to eat raw meat.
Your natural rate of healing is unusually fast.
You are covered in fur. (AC +1)
You have very tough skin. (AC +2)


Message History

GotenAND's ghost is moderately damaged.
GotenAND's ghost misses you.
You closely miss GotenAND's ghost.
GotenAND's ghost is moderately damaged.
GotenAND's ghost hits you!
You slash GotenAND's ghost!
GotenAND's ghost is heavily damaged.
GotenAND's ghost hits you!
You are electrocuted!
* * * LOW HITPOINT WARNING * * *
You are too injured to fight recklessly!
You are too injured to fight recklessly!
You are too injured to fight recklessly!
You barely miss GotenAND's ghost.
GotenAND's ghost is heavily damaged.
You closely miss GotenAND's ghost.
GotenAND's ghost is heavily damaged.
GotenAND's ghost hits you!
* * * LOW HITPOINT WARNING * * *
You are electrocuted!
You die...

#.# #####.####
#........#
#.######.#######
#.#.............
######.#.####.######.
..........#.......#
##...####....####.##.#
.....+.........W@...>#
##...#........##.....#
####.....[.##.##.....#
............ ........#
...........#.
#........ ...........#
#.........
...........#
#.#+#..<..
............ .. .....
...###......


You could see GotenAND's ghost.

Vanquished Creatures
  Crazy Yiuf (D:2)
  3 adders (D:3)
  An ooze (D:1)
  An adder skeleton (D:4)
  A worm (D:3)
  2 dart slugs
  5 leopard geckos
  An orc (D:3)
  3 giant cockroaches
  8 goblins
  9 hobgoblins
  9 jackals
  8 bats
  3 frilled lizards
  3 kobolds
  9 rats
67 creatures vanquished.

Notes
Turn   | Place    | Note
-------+----------+-------------------------------------------
     0 | D:1      | GotenAND the Troll Berserker began the quest for the Orb.
     0 | D:1      | Reached XP level 1. HP: 22/22 MP: 0/0
    86 | D:1      | Reached XP level 2. HP: 12/29 MP: 1/1
   179 | D:1      | Reached XP level 3. HP: 25/36 MP: 2/2
   220 | D:1      | Reached ** piety under Trog
   924 | D:2      | Found a runed door.
  1037 | D:2      | Noticed Crazy Yiuf
  1050 | D:2      | Killed Crazy Yiuf
  1050 | D:2      | Reached XP level 4. HP: 37/44 MP: 3/3
  2103 | D:3      | Reached *** piety under Trog
  2203 | D:3      | Reached XP level 5. HP: 43/50 MP: 4/4
  2318 | D:4      | Noticed GotenAND's ghost (amateur MiBe)
  2327 | D:4      | HP: 2/75 [GotenAND's ghost (10)]
  2327 | D:4      | Mangled by GotenAND's ghost

Skill      XL: |  1  2  3 |
---------------+----------+-----
Axes           | 3 |  3.9
Dodging        | 3 |  3.4
Fighting       | |  2.7

Action                   |  1- 3 |  4- 6 || total
-------------------------+-------+-------++-------
Melee: Hand axe          |   132 |    90 ||   222
       Unarmed           |     6 |       ||     6
Invok: Berserk           |     1 |     1 ||     2
       Burn Spellbooks   |       |     2 ||     2
  Use: Scroll            |       |     9 ||     9
 Stab: Sleeping          |       |     5 ||     5
  Eat: Chunk             |    15 |    13 ||    28
Armor: Animal skin       |    60 |    50 ||   110
Dodge: Dodged            |    90 |    58 ||   148
